 Dungeon Crawl Stone Soup version 0.20.1-1-g8b1a95d (webtiles) character file.

190 ReignOfFire the Slasher (level 5, -2/39 HPs)
             Began as a Demonspawn Gladiator on July 19, 2017.
             Slain by ReignOfFire's ghost (9 damage)
             ... on level 3 of the Dungeon.
             The game lasted 00:02:42 (1711 turns).

ReignOfFire the Slasher (Demonspawn Gladiator)      Turns: 1711, Time: 00:02:43

Health: -2/39      AC:  5    Str: 16    XL:     5   Next: 41%
Magic:  5/5        EV: 19    Int:  9    God:
Gold:   155        SH:  0    Dex: 19    Spells: 4/4 levels left

rFire    + . .     SeeInvis .   a - +0 long sword
rCold    . . .     Gourm    .   (no shield)
rNeg     . . .     Faith    .   b - +0 leather armour
rPois    .         Spirit   .   c - +0 helmet
rElec    .         Reflect  .   C - +0 cloak
rCorr    +         Harm     .   (no gloves)
MR       .....                  (no boots)
Stlth    ++........             (no amulet)
Regen    0.2/turn               y - ring of resist corrosion
MPRegen  0.1/turn               u - ring of protection from fire

@: agile
A: hooves 1, powered by pain 2, spiny 1
a: no special abilities


You were on level 3 of the Dungeon.
You were hungry.

You visited 1 branch of the dungeon, and saw 4 of its levels.

You collected 155 gold pieces.

Inventory:

Hand Weapons
 a - a +0 long sword (weapon)
Missiles
 d - 3 throwing nets (quivered)
Armour
 b - a +0 leather armour (worn)
 c - a +0 helmet (worn)
 C - a +0 cloak (worn)
Jewellery
 n - an uncursed ring of wizardry
 u - a ring of protection from fire (right hand)
 y - a ring of resist corrosion (left hand)
Scrolls
 e - a scroll of enchant armour {unknown}
 h - 4 scrolls of fog {unknown}
 j - 5 scrolls of identify {unknown}
 k - a scroll of noise {unknown}
 m - a scroll of immolation {unknown}
 r - a scroll of teleportation {unknown}
 s - a scroll of enchant weapon {unknown}
 x - a scroll of magic mapping {unknown}
 A - a scroll of recharging {unknown}
Potions
 i - a potion of flight {unknown}
 l - a potion of heal wounds {unknown}
 o - a potion of mutation {unknown}
 p - 3 potions of curing {unknown}
 q - 2 potions of degeneration {unknown}
 t - a potion of invisibility {unknown}
 v - a potion of cancellation {unknown}
 w - a potion of agility {unknown}
 z - a potion of lignification {unknown}
Comestibles
 f - 4 bread rations
 g - 2 royal jellies
 B - 4 fruits


   Skills:
 + Level 2.6 Fighting
 + Level 4.0 Long Blades
 + Level 1.8 Throwing
 + Level 1.3 Armour
 + Level 3.9 Dodging
 + Level 0.6 Stealth


You had 4 spell levels left.
You didn't know any spells.

Dungeon Overview and Level Annotations

Branches:
Dungeon (4/15)
 Temple: D:4-7

Altars:
Dithmenos
Elyvilon
Nemelex Xobeh
Qazlal

Annotations:
D:3 ReignOfFire's ghost, amateur DsGl
D:4 Alannah's ghost, novice DsFi


Innate Abilities, Weirdness & Mutations

You have large cloven feet.
You sometimes gain power by taking damage.
You are partially covered in sharp spines.


Message History

Alannah's ghost hits you but does no damage.
You hit Alannah's ghost.
You kick Alannah's ghost, but do no damage.
Alannah's ghost is lightly damaged.
Alannah's ghost hits you but does no damage.
You hit Alannah's ghost but do no damage.
Your kick misses Alannah's ghost.
Alannah's ghost is lightly damaged.
Alannah's ghost hits you!
You focus on the pain.
You feel agile all of a sudden.
There is a large open door here.
There is an open door here.
There is a stone staircase leading up here.
Alannah's ghost hits you!
* * * LOW HITPOINT WARNING * * *
You climb upwards.
Level annotation: ReignOfFire's ghost, amateur DsGl ReignOfFire's ghost is struck by your spines.
ReignOfFire's ghost hits you!
You die...

8.. #..# #......#### ##_
##.#####........ ##
#................ #.
###..#####...........
#.##....# ##.##.#####.
#....##.# #.# .# #.
##.####.# #.# .# ## #.#
#.# #.# # #.# #@# #.# #
##.# #W######.#####.. #
#..####.#.....(.........
#.........####.##.....##
#######..## #.# ### ##.#
#.# ####
#####.#####.#.....
#.............#
#.(......[....#


You could see ReignOfFire's ghost.

Vanquished Creatures
  A scorpion (D:4)
  A hound (D:4)
  A worker ant (D:4)
  2 adders
  An ooze (D:1)
  2 worms (D:2)
  4 dart slugs (D:1)
  A leopard gecko (D:2)
  A giant cockroach (D:3)
  5 goblins
  8 hobgoblins
  4 jackals (D:2)
  6 kobolds
  2 quokkas
  A ball python (D:1)
  5 bats
  2 frilled lizards
  3 rats
50 creatures vanquished.

Notes
Turn   | Place    | Note
-------+----------+-------------------------------------------
     0 | D:1      | ReignOfFire the Demonspawn Gladiator began the quest for the Orb.
     0 | D:1      | Reached XP level 1. HP: 16/16 MP: 1/1
   318 | D:1      | Gained mutation: You are partially covered in sharp spines. [demonic ancestry]
   318 | D:1      | Reached XP level 2. HP: 20/22 MP: 2/2
   327 | D:1      | Reached skill level 3 in Long Blades
   754 | D:2      | Gained mutation: You sometimes gain a little power by taking damage. [demonic ancestry]
   754 | D:2      | Reached XP level 3. HP: 28/28 MP: 3/3
   833 | D:2      | Found a shadowy altar of Dithmenos.
   944 | D:2      | Found a white marble altar of Elyvilon.
  1111 | D:3      | Gained mutation: You have large cloven feet. [demonic ancestry]
  1111 | D:3      | Reached XP level 4. HP: 33/34 MP: 4/4
  1172 | D:3      | Found a sparkling altar of Nemelex Xobeh.
  1213 | D:3      | Found a stormy altar of Qazlal.
  1317 | D:3      | Noticed ReignOfFire's ghost (amateur DsGl)
  1385 | D:4      | Reached skill level 1 in Armour
  1389 | D:4      | Gained mutation: You sometimes gain power by taking damage. [demonic ancestry]
  1389 | D:4      | Reached XP level 5. HP: 18/39 MP: 5/5
  1672 | D:4      | Reached skill level 4 in Long Blades
  1679 | D:4      | Noticed Alannah's ghost (novice DsFi)
  1711 | D:3      | Slain by ReignOfFire's ghost

Skill      XL: |  1  2  3  4  5 |
---------------+----------------+-----
Long Blades    | 3 4 |  4.0
Dodging        | 3 |  3.9
Armour         | 1 |  1.3
Fighting       | |  2.6
Throwing       | |  1.8
Stealth        | |  0.6

Action                   |  1- 3 |  4- 6 || total
-------------------------+-------+-------++-------
Melee: Long sword        |    80 |    36 ||   116
       Kick              |       |    16 ||    16
 Stab: Sleeping          |     1 |       ||     1
  Eat: Chunk             |       |     2 ||     2
Armor: Leather armour    |    19 |    10 ||    29
Dodge: Dodged            |    46 |    26 ||    72
       Rpst.: Long sword |    11 |     6 ||    17
